 Dungeon Crawl Stone Soup version 0.26.0-15-gc6cd9f700b (webtiles) character file.

Game seed: 6530192175564359246

292 runemasterragnar the Skirmisher (level 6, -8/66 HPs)
             Began as an Ogre Monk on Jan 16, 2021.
             Was an Initiate of Gozag.
             Mangled by an ogre
             ... wielding a +0 giant club
              (15 damage)
             ... on level 4 of the Dungeon.
             The game lasted 00:04:26 (4798 turns).

runemasterragnar the Skirmisher (Ogre Monk)         Turns: 4798, Time: 00:04:27

Health: -8/66      AC:  4    Str: 19    XL:     6   Next: 33%
Magic:  15/15      EV:  8    Int: 12    God:    Gozag
Gold:   447        SH:  7    Dex: 11    Spells: 5/5 levels left

rFire    . . .     SeeInvis +   a - +0 hand axe
rCold    . . .     Faith    .   d - +0 kite shield
rNeg     . . .     Spirit   .   b - +0 robe
rPois    .         Reflect  .   (helmet restricted)
rElec    .         Harm     .   y - +0 cloak
rCorr    .         Rampage  .   (gloves unavailable)
Will     .....                  (boots unavailable)
Stlth    ++........             (no amulet)
HPRegen  0.21/turn              x - ring of magical power
MPRegen  0.14/turn              s - ring of see invisible

@: no status effects
A: large, unfitting armour, blurry vision 1, strong 1, tough skin 1, no potion
heal 1, MP-powered wands
a: Renounce Religion, Potion Petition, Call Merchant, Bribe Branch


You were on level 4 of the Dungeon.
You worshipped Gozag.
Gozag was aware of your devotion.
You visited 1 branch of the dungeon, and saw 4 of its levels.

You collected 447 gold pieces.

Inventory:

Hand Weapons
 a - a +0 hand axe (weapon)
 o - a +0 hunting sling
Missiles
 h - 6 curare-tipped darts (quivered)
 n - 44 sling bullets
Armour
 b - a +0 robe (worn)
 d - a +0 kite shield (worn)
 y - a +0 cloak (worn)
Jewellery
 i - an uncursed ring of ice
 s - a ring of see invisible (right hand)
 x - a ring of magical power (left hand)
Wands
 m - a wand of acid (5)
 w - a wand of iceblast (12)
Scrolls
 c - 3 scrolls of teleportation {unknown}
 e - a scroll of enchant armour {unknown}
 f - 2 scrolls of random uselessness {unknown}
 k - 5 scrolls of identify {unknown}
 p - 2 scrolls of amnesia {unknown}
 q - a scroll of magic mapping {unknown}
 t - a scroll of fear {unknown}
 u - 2 scrolls of remove curse {unknown}
 v - a scroll of blinking {unknown}
Potions
 g - a potion of heal wounds
 j - a potion of attraction
 l - 4 potions of curing
 r - a potion of resistance {unknown}


   Skills:
 + Level 5.5 Fighting
 * Level 4.9 Axes
 * Level 2.1 Throwing
 + Level 3.7 Dodging
 - Level 1.4 Stealth


You had 5 spell levels left.
You didn't know any spells.
Your spell library was empty.

Dungeon Overview and Level Annotations

Branches:
Dungeon (4/15)
 Temple: D:4-7

Altars:
Gozag

Annotations:
D:3 1 runed translucent door, Crazy Yiuf


Innate Abilities, Weirdness & Mutations

You are too large for most types of armour.
You have tough skin. (AC +1)
Scrolls take you a little longer to read.
Your muscles are strong. (Str +2)
Potions are less effective at restoring your health.
You expend magic power (3 MP) to strengthen your wands.


Message History

The ogre is severely wounded.
The ogre hits you with a +0 giant club!
An ogre is nearby!
You barely miss the ogre.
The ogre is severely wounded.
The ogre hits you with a +0 giant club!!
You barely miss the ogre.
The ogre is severely wounded.
An ogre is nearby!
You barely miss the ogre.
The ogre is severely wounded.
The ogre hits you with a +0 giant club!!
* * * LOW HITPOINT WARNING * * *
An ogre is nearby!
You are too injured to fight recklessly!
You hit the ogre.
The ogre is almost dead.
The ogre hits you with a +0 giant club!
You die...
Your body crumbles into a pile of gold.

....
###......# .##
#.....## .#
#.....# .#
#..#..## .##
#..##..### ...
..........###
...
..........#.##
...
.............#
...
.#.........@.#
...
##...####..O#
... ##.. #####
... ### ...
... #.. #.. ..


You could see an ogre.

Vanquished Creatures
  An ogre (D:4)
  3 worker ants
  5 adders
  An ooze (D:1)
  4 worms
  A dart slug (D:1)
  3 leopard geckos
  3 orcs (D:4)
  5 bats
  9 giant cockroaches
  4 hobgoblins
  A quokka (D:4)
  A ball python (D:4)
  5 frilled lizards
  11 goblins
  9 kobolds
  A leopard gecko skeleton (D:4)
  12 rats
79 creatures vanquished.

Notes
Turn   | Place    | Note
-------+----------+-------------------------------------------
     0 | D:1      | runemasterragnar the Ogre Monk began the quest for the Orb.
     0 | D:1      | Reached XP level 1. HP: 24/24 MP: 1/1
   137 | D:1      | Reached XP level 2. HP: 24/32 MP: 2/2
   518 | D:1      | Reached XP level 3. HP: 40/40 MP: 3/3
  1084 | D:2      | Gained mutation: Your body sometimes deteriorates upon
                  | taking damage. [potion of mutation]
  1084 | D:2      | Gained mutation: You are weak. (Str -2) [potion of
                  | mutation]
  1084 | D:2      | Gained mutation: You are partially covered in slimy green
                  | scales. (AC +2) [potion of mutation]
  1084 | D:2      | Gained mutation: You expend magic power (3 MP) to
                  | strengthen your wands. [potion of mutation]
  1084 | D:2      | HP: 2/40 [bat (1)]
  1524 | D:2      | Reached XP level 4. HP: 13/49 MP: 4/4
  1872 | D:2      | Found an opulent altar of Gozag.
  1918 | D:2      | Became a worshipper of Gozag Ym Sagoz the Greedy
  2775 | D:2      | Reached skill level 5 in Fighting
  3165 | D:3      | Lost mutation: You expend magic power (3 MP) to strengthen
                  | your wands. [potion of mutation]
  3165 | D:3      | Lost mutation: You are weak. (Str -2) [potion of mutation]
  3165 | D:3      | Lost mutation: You are partially covered in slimy green
                  | scales. (AC +2) [potion of mutation]
  3165 | D:3      | Lost mutation: Your body sometimes deteriorates upon taking
                  | damage. [potion of mutation]
  3165 | D:3      | Gained mutation: Your muscles are strong. (Str +2) [potion
                  | of mutation]
  3165 | D:3      | Gained mutation: Scrolls take you a little longer to read.
                  | [potion of mutation]
  3165 | D:3      | Gained mutation: Potions are less effective at restoring
                  | your health. [potion of mutation]
  3165 | D:3      | Gained mutation: You expend magic power (3 MP) to
                  | strengthen your wands. [potion of mutation]
  3287 | D:3      | Reached XP level 5. HP: 57/57 MP: 5/5
  3685 | D:3      | Reached skill level 1 in Throwing
  3953 | D:3      | Found a runed translucent door.
  3954 | D:3      | Noticed Crazy Yiuf
  4070 | D:4      | Noticed an ogre
  4083 | D:4      | Killed an ogre
  4084 | D:4      | Reached XP level 6. HP: 51/66 MP: 6/6
  4798 | D:4      | Mangled by an ogre

Illustrated notes

Levels and vault maps discovered:
D:1:      wander_arrival_lonely_grave, layout_basic
D:2:      minmay_inner_zag, layout_loops_ring, old_standard_altar,
          wad_floor_pattern_2, minmay_octomino_c4
D:3:      layout_loops_ring, uniq_crazy_yiuf_cottage
D:4:      layout_cave_pools

Skill      XL: |  1  2  3  4  5  6 |
---------------+-------------------+-----
Dodging        | 3 |  3.7
Axes           | 4 |  4.9
Fighting       | 5 |  5.5
Throwing       | 1 2 |  2.1
Stealth        | |  1.4

Action                   |  1- 3 |  4- 6 || total
-------------------------+-------+-------++-------
Melee: Hand axe          |   120 |   145 ||   265
 Fire: Hunting sling     |       |    74 ||    74
Evoke: Wand              |       |     1 ||     1
  Use: Potion            |     6 |     2 ||     8
 Stab: Sleeping          |     1 |     2 ||     3
Armor: Robe              |    64 |    47 ||   111
Dodge: Dodged            |    51 |    61 ||   112
Block: Kite shield       |    36 |    57 ||    93
